[ AOE2 MATCH · #457908130 ]
Team RMBurgundians vs Franks
[ REPLAY ANALYSIS · EXTRACTED FROM THE RECORDED GAME ]
Feudal
12:03
Castle
15:42
Imperial
28:55
| APM avg | 34.3 |
| APM peak | 75 |
| eAPM avg | 21.0 |
| Villagers / military | 147 / 133 |
Focus
⚔️ 33.9% · 🌾 66.1%
Coustillier ×123 · Scout Cavalry ×5 · Monk ×3 · Spearman ×2
Feudal
13:08
Castle
16:43
Imperial
30:24
| APM avg | 14.7 |
| APM peak | 34 |
| eAPM avg | 11.4 |
| Villagers / military | 152 / 140 |
Focus
⚔️ 35.8% · 🌾 64.2%
Knight ×114 · Spearman ×10 · Scout Cavalry ×9 · Scorpion ×4 · Throwing Axeman ×2 · Trebuchet (Packed) ×1
Feudal
10:35
Castle
17:25
Imperial
31:24
| APM avg | 15.5 |
| APM peak | 39 |
| eAPM avg | 12.1 |
| Villagers / military | 125 / 174 |
Focus
⚔️ 25.3% · 🌾 74.7%
Spearman ×70 · Archer ×67 · Eagle Scout ×35 · Trebuchet (Packed) ×2
Feudal
10:36
Castle
14:12
Imperial
28:28
| APM avg | 39.4 |
| APM peak | 71 |
| eAPM avg | 27.4 |
| Villagers / military | 199 / 281 |
Focus
⚔️ 24.5% · 🌾 75.5%
Militia ×139 · Spearman ×126 · Battering Ram ×8 · Warrior Priest ×4 · Trebuchet (Packed) ×3 · Monk ×1
Match map
Resources at game start + every placement click. Thick line = wall · dashed box = detected house wall. 🟡 gold · ⚪ stone · 🟢 berries · 🔶 boar · ⭕ relic
Inputs per minute
— 闲人肥羊 - - zeromaster
Build order — 闲人肥羊
First 150 of 382 actions detected
| 0:07 | Create | Villager (Male) |
| 0:07 | Create | Villager (Male) |
| 0:07 | Create | Villager (Male) |
| 0:07 | Create | Villager (Male) |
| 0:08 | Build | House |
| 0:09 | Build | House |
| 1:36 | Create | Villager (Male) |
| 1:36 | Create | Villager (Male) |
| 1:48 | Create | Villager (Male) |
| 1:48 | Create | Villager (Male) |
| 2:05 | Build | Lumber Camp |
| 2:11 | Create | Villager (Male) |
| 2:51 | Research | Double-Bit Axe |
| 3:08 | Create | Villager (Male) |
| 3:30 | Create | Villager (Male) |
| 3:54 | Create | Villager (Male) |
| 3:54 | Create | Villager (Male) |
| 4:04 | Build | House |
| 4:26 | Create | Villager (Male) |
| 4:26 | Create | Villager (Male) |
| 4:46 | Create | Villager (Male) |
| 4:47 | Create | Villager (Male) |
| 4:55 | Create | Villager (Male) |
| 4:55 | Create | Villager (Male) |
| 5:17 | Create | Villager (Male) |
| 5:21 | Build | Mill |
| 5:46 | Create | Villager (Male) |
| 5:46 | Create | Villager (Male) |
| 6:06 | Build | House |
| 6:31 | Create | Villager (Male) |
| 6:31 | Create | Villager (Male) |
| 7:23 | Create | Villager (Male) |
| 7:24 | Create | Villager (Male) |
| 7:39 | Create | Villager (Male) |
| 7:40 | Create | Villager (Male) |
| 7:40 | Create | Villager (Male) |
| 7:40 | Create | Villager (Male) |
| 7:45 | Build | House |
| 8:41 | Create | Villager (Male) |
| 9:34 | Research | Feudal Age |
| 9:36 | Build | Mining Camp |
| 9:49 | Research | Horse Collar |
| 9:52 | Build | Farm |
| 9:57 | Build | Farm |
| 10:33 | Create | Villager (Male) |
| 10:33 | Create | Villager (Male) |
| 11:13 | Build | Farm |
| 11:15 | Build | Farm |
| 11:18 | Build | Farm |
| 11:22 | Build | Farm |
| 11:42 | Build | Barracks |
| 12:03 | Age | Feudal Age |
| 12:08 | Build | Market |
| 12:10 | Build | Blacksmith |
| 12:13 | Build | Palisade Wall |
| 13:01 | Research | Bow Saw |
| 13:02 | Research | Castle Age |
| 13:03 | Research | Castle Age |
| 13:26 | Build | Stable |
| 13:38 | Build | House |
| 13:49 | Build | Farm |
| 14:07 | Build | Farm |
| 14:16 | Build | House |
| 14:26 | Create | Scout Cavalry |
| 14:26 | Create | Scout Cavalry |
| 14:34 | Build | Farm |
| 15:15 | Create | Scout Cavalry |
| 15:42 | Age | Castle Age |
| 15:46 | Build | Monastery |
| 15:47 | Create | Villager (Male) |
| 15:53 | Build | Town Center |
| 15:55 | Research | Light Cavalry (upgrade) |
| 15:57 | Create | Scout Cavalry |
| 16:08 | Create | Villager (Male) |
| 16:18 | Research | Wheelbarrow |
| 16:32 | Build | House |
| 16:34 | Create | Villager (Male) |
| 16:41 | Build | Farm |
| 16:46 | Create | Monk |
| 16:58 | Create | Villager (Male) |
| 17:01 | Create | Spearman |
| 17:06 | Build | Lumber Camp |
| 17:11 | Build | Farm |
| 17:14 | Create | Villager (Male) |
| 17:15 | Create | Villager (Male) |
| 17:20 | Build | House |
| 17:29 | Create | Scout Cavalry |
| 17:37 | Create | Monk |
| 17:51 | Create | Villager (Male) |
| 17:54 | Build | Farm |
| 17:57 | Build | Farm |
| 18:06 | Create | Villager (Male) |
| 18:13 | Create | Villager (Male) |
| 18:27 | Create | Villager (Male) |
| 18:31 | Create | Monk |
| 18:37 | Build | House |
| 18:38 | Build | House |
| 18:57 | Create | Villager (Male) |
| 19:08 | Create | Villager (Male) |
| 19:14 | Build | Town Center |
| 19:24 | Create | Villager (Male) |
| 19:30 | Create | Villager (Male) |
| 19:34 | Research | Heavy Plow |
| 19:36 | Build | Farm |
| 19:46 | Create | Villager (Male) |
| 19:49 | Build | Farm |
| 19:50 | Create | Villager (Male) |
| 19:58 | Create | Villager (Male) |
| 20:05 | Create | Villager (Male) |
| 20:20 | Build | Town Center |
| 20:24 | Create | Villager (Male) |
| 20:34 | Create | Villager (Male) |
| 20:36 | Build | Farm |
| 20:38 | Build | Farm |
| 20:40 | Build | Farm |
| 20:42 | Create | Villager (Male) |
| 20:57 | Create | Villager (Male) |
| 21:00 | Build | Farm |
| 21:04 | Create | Villager (Male) |
| 21:07 | Build | House |
| 21:08 | Build | House |
| 21:18 | Research | Two-Man Saw |
| 21:19 | Create | Villager (Male) |
| 21:19 | Create | Villager (Male) |
| 21:25 | Create | Villager (Male) |
| 21:37 | Build | Farm |
| 21:41 | Create | Villager (Male) |
| 21:41 | Create | Villager (Male) |
| 21:41 | Create | Villager (Male) |
| 21:43 | Build | Farm |
| 21:47 | Build | Farm |
| 21:50 | Create | Villager (Male) |
| 21:51 | Create | Villager (Male) |
| 21:53 | Build | Farm |
| 21:56 | Build | Farm |
| 21:58 | Create | Villager (Male) |
| 21:59 | Create | Villager (Male) |
| 22:03 | Build | House |
| 22:04 | Create | Villager (Male) |
| 22:07 | Build | Farm |
| 22:11 | Build | Farm |
| 22:18 | Create | Villager (Male) |
| 22:18 | Create | Villager (Male) |
| 22:22 | Create | Villager (Male) |
| 22:27 | Build | Farm |
| 22:30 | Create | Villager (Male) |
| 22:30 | Create | Villager (Male) |
| 22:32 | Build | Farm |
| 22:33 | Create | Villager (Male) |
| 22:34 | Create | Villager (Male) |
Build order — zeromaster
First 150 of 280 actions detected
| 0:01 | Create | Villager (Male) ×4 |
| 0:03 | Build | House |
| 0:06 | Build | House |
| 1:32 | Create | Villager (Male) |
| 1:50 | Build | Lumber Camp |
| 1:52 | Create | Villager (Male) |
| 2:29 | Create | Villager (Male) |
| 2:53 | Create | Villager (Male) |
| 2:57 | Create | Villager (Male) |
| 3:33 | Create | Villager (Male) |
| 3:52 | Build | House |
| 4:05 | Create | Villager (Male) |
| 4:16 | Build | Mill |
| 4:38 | Build | House |
| 4:42 | Create | Villager (Male) ×2 |
| 5:15 | Build | Mining Camp |
| 5:16 | Create | Villager (Male) |
| 5:26 | Create | Villager (Male) |
| 5:50 | Create | Villager (Male) |
| 6:17 | Create | Villager (Male) |
| 6:21 | Create | Villager (Male) |
| 6:25 | Create | Villager (Male) |
| 7:02 | Create | Villager (Male) ×2 |
| 7:10 | Build | House |
| 7:11 | Build | House |
| 7:12 | Create | Villager (Male) |
| 7:30 | Build | Mill |
| 7:33 | Create | Villager (Male) |
| 7:37 | Create | Villager (Male) |
| 8:00 | Create | Villager (Male) |
| 8:06 | Create | Villager (Male) |
| 8:49 | Create | Villager (Male) ×3 |
| 9:20 | Create | Villager (Male) ×3 |
| 9:46 | Create | Villager (Male) |
| 9:49 | Create | Villager (Male) |
| 9:56 | Create | Villager (Male) |
| 10:32 | Research | Feudal Age |
| 10:50 | Create | Villager (Male) |
| 10:50 | Create | Villager (Male) |
| 12:33 | Build | Farm |
| 12:35 | Build | Farm |
| 12:36 | Build | Farm |
| 12:42 | Build | Farm |
| 12:45 | Build | Farm |
| 13:08 | Age | Feudal Age |
| 13:09 | Build | Blacksmith |
| 13:13 | Build | Market |
| 13:19 | Build | Farm |
| 13:22 | Build | Farm |
| 13:25 | Build | Farm |
| 13:46 | Build | Mining Camp |
| 14:03 | Research | Castle Age |
| 14:06 | Build | House |
| 14:13 | Research | Double-Bit Axe |
| 14:20 | Create | Villager (Male) |
| 14:21 | Create | Villager (Male) |
| 15:03 | Build | House |
| 15:05 | Build | House |
| 15:06 | Build | House |
| 16:43 | Age | Castle Age |
| 16:46 | Build | Town Center |
| 16:58 | Build | Town Center |
| 17:13 | Build | Town Center |
| 17:19 | Create | Villager (Male) |
| 17:20 | Create | Villager (Male) |
| 17:26 | Build | House |
| 17:27 | Build | House |
| 17:31 | Create | Villager (Male) ×5 |
| 17:38 | Build | Lumber Camp |
| 17:44 | Create | Villager (Male) ×5 |
| 17:52 | Build | Farm |
| 17:53 | Build | Farm |
| 17:54 | Build | Farm |
| 17:56 | Build | Farm |
| 17:57 | Build | Farm |
| 18:00 | Build | Farm |
| 18:02 | Build | Farm |
| 18:15 | Create | Villager (Male) |
| 18:18 | Build | Farm |
| 18:19 | Build | Farm |
| 18:23 | Build | Farm |
| 18:26 | Build | House |
| 18:31 | Build | Farm |
| 18:36 | Build | Farm |
| 18:44 | Build | Farm |
| 18:45 | Create | Villager (Male) ×2 |
| 18:58 | Create | Villager (Male) |
| 19:01 | Build | Farm |
| 19:02 | Create | Villager (Male) |
| 19:14 | Research | Bow Saw |
| 19:15 | Research | Bow Saw |
| 19:17 | Create | Villager (Male) |
| 19:39 | Build | Farm |
| 19:40 | Create | Villager (Male) ×3 |
| 19:43 | Create | Villager (Male) |
| 19:47 | Build | House |
| 19:49 | Build | Farm |
| 19:50 | Create | Villager (Male) |
| 19:57 | Create | Villager (Male) |
| 20:00 | Build | Farm |
| 20:06 | Build | Farm |
| 20:07 | Create | Villager (Male) |
| 20:13 | Build | Farm |
| 20:14 | Create | Villager (Male) |
| 20:18 | Create | Villager (Male) |
| 20:20 | Create | Villager (Male) |
| 20:23 | Build | House |
| 20:27 | Build | Farm |
| 20:30 | Build | Farm |
| 20:34 | Create | Villager (Male) |
| 20:51 | Build | Barracks |
| 20:54 | Create | Villager (Male) ×3 |
| 20:57 | Build | Farm |
| 21:01 | Create | Villager (Male) |
| 21:13 | Create | Villager (Male) ×2 |
| 21:23 | Build | Stable |
| 21:25 | Create | Villager (Male) ×2 |
| 21:31 | Build | House |
| 21:32 | Create | Villager (Male) |
| 21:36 | Build | Farm |
| 21:37 | Create | Villager (Male) |
| 21:44 | Build | Stable |
| 21:52 | Build | Farm |
| 21:52 | Create | Villager (Male) ×3 |
| 21:59 | Build | Stable |
| 22:02 | Create | Villager (Male) ×2 |
| 22:14 | Create | Villager (Male) ×2 |
| 22:22 | Build | Stable |
| 22:23 | Create | Villager (Male) ×2 |
| 22:33 | Build | Farm |
| 22:36 | Build | Farm |
| 22:37 | Build | Farm |
| 22:44 | Build | House |
| 22:45 | Create | Villager (Male) ×4 |
| 22:55 | Build | Farm |
| 23:00 | Build | Farm |
| 23:04 | Create | Scout Cavalry |
| 23:04 | Create | Scout Cavalry |
| 23:15 | Build | Farm |
| 23:16 | Create | Villager (Male) ×4 |
| 23:20 | Build | Farm |
| 23:24 | Build | Farm |
| 23:25 | Create | Villager (Male) ×2 |
| 23:28 | Build | Farm |
| 23:36 | Build | Farm |
| 23:53 | Create | Villager (Male) ×5 |
| 23:57 | Build | Farm |
| 23:59 | Build | Farm |
| 24:03 | Build | Farm |
| 24:14 | Build | Stable |
Build order — batinizaray
First 150 of 349 actions detected
| 0:01 | Create | Villager (Male) |
| 0:04 | Build | House |
| 0:07 | Create | Villager (Male) |
| 0:07 | Create | Villager (Male) |
| 0:08 | Create | Villager (Male) |
| 0:11 | Build | House |
| 1:24 | Create | Villager (Male) |
| 1:24 | Create | Villager (Male) |
| 1:55 | Create | Villager (Male) |
| 1:56 | Create | Villager (Male) |
| 2:32 | Create | Villager (Male) |
| 2:32 | Create | Villager (Male) |
| 3:23 | Create | Villager (Male) |
| 3:24 | Create | Villager (Male) |
| 3:37 | Build | House |
| 3:50 | Create | Villager (Male) |
| 3:50 | Create | Villager (Male) |
| 3:50 | Create | Villager (Male) |
| 3:50 | Create | Villager (Male) |
| 4:16 | Create | Villager (Male) |
| 4:17 | Create | Villager (Male) |
| 4:59 | Build | Mill |
| 5:11 | Create | Villager (Male) |
| 5:12 | Create | Villager (Male) |
| 5:12 | Create | Villager (Male) |
| 5:42 | Build | House |
| 6:28 | Build | Lumber Camp |
| 6:31 | Create | Villager (Male) |
| 6:32 | Create | Villager (Male) |
| 6:47 | Create | Villager (Male) |
| 7:41 | Build | Mill |
| 7:45 | Create | Villager (Male) |
| 8:06 | Build | House |
| 8:17 | Research | Feudal Age |
| 8:39 | Create | Villager (Male) |
| 8:39 | Create | Villager (Male) |
| 9:02 | Create | Villager (Male) |
| 9:54 | Create | Villager (Male) |
| 10:17 | Build | Farm |
| 10:17 | Build | Farm |
| 10:18 | Build | Farm |
| 10:19 | Build | Farm |
| 10:20 | Build | Farm |
| 10:21 | Build | Farm |
| 10:35 | Build | House |
| 10:35 | Age | Feudal Age |
| 10:40 | Research | Double-Bit Axe |
| 10:41 | Create | Villager (Male) |
| 10:41 | Create | Villager (Male) |
| 10:53 | Create | Villager (Male) |
| 11:05 | Build | Lumber Camp |
| 11:14 | Build | House |
| 11:16 | Create | Villager (Male) |
| 11:50 | Create | Villager (Male) |
| 12:11 | Build | Market |
| 12:51 | Build | House |
| 12:55 | Create | Villager (Male) |
| 13:13 | Build | Blacksmith |
| 13:28 | Build | Mining Camp |
| 13:30 | Create | Villager (Male) |
| 14:37 | Research | Castle Age |
| 14:46 | Build | Barracks |
| 14:54 | Build | House |
| 14:56 | Build | House |
| 14:59 | Create | Villager (Male) |
| 15:03 | Research | Horse Collar |
| 15:16 | Build | Mining Camp |
| 15:20 | Research | Stone Mining |
| 15:41 | Build | Archery Range |
| 16:04 | Build | House |
| 16:05 | Build | House |
| 16:06 | Build | House |
| 16:08 | Build | House |
| 16:10 | Create | Villager (Male) |
| 16:11 | Create | Villager (Male) |
| 16:52 | Build | Barracks |
| 17:20 | Research | Gold Mining |
| 17:25 | Age | Castle Age |
| 17:33 | Build | Town Center |
| 17:35 | Create | Villager (Male) |
| 17:52 | Create | Villager (Male) |
| 18:03 | Create | Villager (Male) |
| 18:41 | Build | Town Center |
| 18:44 | Create | Villager (Male) |
| 18:44 | Create | Villager (Male) |
| 18:46 | Create | Villager (Male) |
| 19:09 | Create | Villager (Male) |
| 19:10 | Create | Villager (Male) |
| 19:11 | Create | Villager (Male) |
| 19:23 | Build | Farm |
| 19:23 | Build | Farm |
| 19:25 | Build | Farm |
| 19:26 | Build | Farm |
| 19:30 | Create | Villager (Male) |
| 19:50 | Create | Villager (Male) |
| 19:50 | Create | Villager (Male) |
| 19:51 | Create | Villager (Male) |
| 20:02 | Build | Farm |
| 20:03 | Build | Farm |
| 20:03 | Build | Farm |
| 20:06 | Build | Farm |
| 20:06 | Build | Farm |
| 20:08 | Build | Farm |
| 20:08 | Build | Farm |
| 20:18 | Create | Villager (Male) |
| 20:18 | Create | Villager (Male) |
| 20:32 | Create | Villager (Male) |
| 20:41 | Build | Lumber Camp |
| 20:43 | Create | Villager (Male) |
| 20:44 | Create | Villager (Male) |
| 20:49 | Create | Villager (Male) |
| 20:50 | Create | Villager (Male) |
| 21:11 | Research | Heavy Plow |
| 21:11 | Research | Heavy Plow |
| 21:44 | Create | Villager (Male) |
| 21:45 | Create | Villager (Male) |
| 21:46 | Create | Villager (Male) |
| 21:58 | Build | Farm |
| 21:58 | Build | Farm |
| 21:59 | Build | Farm |
| 22:10 | Research | Bow Saw |
| 22:20 | Create | Villager (Male) |
| 22:42 | Create | Villager (Male) |
| 22:42 | Create | Villager (Male) |
| 22:43 | Create | Villager (Male) |
| 22:46 | Create | Archer |
| 22:52 | Create | Villager (Male) |
| 23:01 | Build | Mill |
| 23:04 | Build | Farm |
| 23:04 | Build | Farm |
| 23:05 | Build | Farm |
| 23:05 | Build | Farm |
| 23:06 | Build | Farm |
| 23:07 | Build | Farm |
| 23:08 | Build | Farm |
| 23:09 | Build | Farm |
| 23:12 | Create | Villager (Male) |
| 23:13 | Create | Villager (Male) |
| 23:22 | Create | Villager (Male) |
| 23:31 | Create | Archer |
| 23:33 | Create | Villager (Male) |
| 23:39 | Build | Farm |
| 23:39 | Build | Farm |
| 23:42 | Create | Villager (Male) |
| 23:43 | Create | Villager (Male) |
| 23:45 | Create | Villager (Male) |
| 24:04 | Create | Villager (Male) |
| 24:18 | Build | Barracks |
| 24:20 | Build | Barracks |
| 24:22 | Create | Villager (Male) |
Build order — B站帝国时代2风悠网课大
First 150 of 570 actions detected
| 0:01 | Create | Villager (Male) |
| 0:01 | Create | Villager (Male) |
| 0:02 | Create | Villager (Male) |
| 0:02 | Create | Villager (Male) |
| 0:03 | Build | House |
| 0:04 | Build | House |
| 1:35 | Create | Villager (Male) |
| 1:35 | Create | Villager (Male) |
| 1:47 | Build | Mule Cart |
| 2:10 | Create | Villager (Male) |
| 2:10 | Create | Villager (Male) |
| 2:28 | Create | Villager (Male) |
| 2:29 | Create | Villager (Male) |
| 2:29 | Create | Villager (Male) |
| 2:59 | Create | Villager (Male) |
| 2:59 | Create | Villager (Male) |
| 2:59 | Create | Villager (Male) |
| 3:01 | Create | Villager (Male) |
| 3:04 | Build | House |
| 3:34 | Create | Villager (Male) |
| 3:34 | Create | Villager (Male) |
| 3:45 | Build | Mule Cart |
| 4:15 | Create | Villager (Male) |
| 4:40 | Create | Villager (Male) |
| 4:40 | Create | Villager (Male) |
| 4:41 | Create | Villager (Male) |
| 4:49 | Build | Mill |
| 5:06 | Create | Villager (Male) |
| 5:07 | Create | Villager (Male) |
| 5:07 | Create | Villager (Male) |
| 5:11 | Create | Villager (Male) |
| 5:11 | Create | Villager (Male) |
| 5:27 | Create | Villager (Male) |
| 5:27 | Create | Villager (Male) |
| 5:57 | Create | Villager (Male) |
| 5:57 | Create | Villager (Male) |
| 5:57 | Create | Villager (Male) |
| 5:58 | Create | Villager (Male) |
| 6:00 | Build | House |
| 6:04 | Create | Villager (Male) |
| 6:04 | Create | Villager (Male) |
| 6:25 | Create | Villager (Male) |
| 6:25 | Create | Villager (Male) |
| 6:36 | Create | Villager (Male) |
| 6:36 | Create | Villager (Male) |
| 7:21 | Create | Villager (Male) |
| 7:21 | Create | Villager (Male) |
| 7:22 | Create | Villager (Male) |
| 7:42 | Create | Villager (Male) |
| 8:14 | Research | Feudal Age |
| 8:15 | Research | Feudal Age |
| 8:15 | Research | Feudal Age |
| 8:15 | Research | Feudal Age |
| 8:19 | Create | Villager (Male) |
| 9:04 | Build | Farm |
| 9:19 | Build | House |
| 9:43 | Create | Villager (Male) |
| 10:35 | Create | Villager (Male) |
| 10:36 | Age | Feudal Age |
| 10:41 | Build | Market |
| 10:42 | Build | Blacksmith |
| 11:32 | Research | Castle Age |
| 11:32 | Research | Castle Age |
| 11:32 | Research | Castle Age |
| 11:33 | Research | Castle Age |
| 11:47 | Build | Farm |
| 11:59 | Research | Double-Bit Axe |
| 11:59 | Research | Double-Bit Axe |
| 11:59 | Research | Double-Bit Axe |
| 12:34 | Create | Villager (Male) |
| 12:38 | Research | Horse Collar |
| 12:39 | Research | Horse Collar |
| 12:54 | Build | Farm |
| 12:58 | Build | Farm |
| 13:01 | Build | Farm |
| 13:41 | Build | Farm |
| 13:42 | Build | Farm |
| 14:02 | Create | Villager (Male) |
| 14:12 | Age | Castle Age |
| 14:20 | Build | Town Center |
| 14:27 | Build | Town Center |
| 14:36 | Create | Villager (Male) |
| 14:43 | Build | House |
| 15:13 | Build | Monastery |
| 15:30 | Create | Villager (Male) |
| 15:34 | Build | Mule Cart |
| 15:47 | Create | Villager (Male) |
| 15:51 | Create | Villager (Male) |
| 15:51 | Create | Villager (Male) |
| 15:52 | Create | Villager (Male) |
| 15:52 | Create | Villager (Male) |
| 15:58 | Create | Monk |
| 16:01 | Create | Warrior Priest |
| 16:01 | Create | Warrior Priest |
| 16:01 | Create | Warrior Priest |
| 16:01 | Create | Warrior Priest |
| 16:05 | Build | Farm |
| 16:07 | Build | Farm |
| 16:18 | Create | Villager (Male) |
| 16:19 | Create | Villager (Male) |
| 16:22 | Build | Farm |
| 16:50 | Build | Town Center |
| 17:00 | Create | Villager (Male) |
| 17:01 | Build | Farm |
| 17:01 | Build | Farm |
| 17:02 | Build | Farm |
| 17:06 | Create | Villager (Male) |
| 17:06 | Create | Villager (Male) |
| 17:07 | Create | Villager (Male) |
| 17:16 | Create | Villager (Male) |
| 17:18 | Build | House |
| 17:22 | Research | Wheelbarrow |
| 17:23 | Research | Wheelbarrow |
| 17:27 | Research | Town Watch |
| 17:44 | Create | Villager (Male) |
| 17:44 | Create | Villager (Male) |
| 17:44 | Create | Villager (Male) |
| 17:58 | Create | Villager (Male) |
| 17:58 | Create | Villager (Male) |
| 17:58 | Create | Villager (Male) |
| 18:08 | Create | Villager (Male) |
| 18:10 | Build | Farm |
| 18:11 | Build | Farm |
| 18:11 | Build | Farm |
| 18:11 | Build | Farm |
| 18:11 | Build | Farm |
| 18:12 | Build | Farm |
| 18:12 | Build | Farm |
| 18:16 | Create | Villager (Male) |
| 18:16 | Create | Villager (Male) |
| 18:16 | Create | Villager (Male) |
| 18:20 | Build | House |
| 18:21 | Build | House |
| 18:25 | Build | House |
| 18:25 | Build | House |
| 18:34 | Create | Villager (Male) |
| 18:34 | Create | Villager (Male) |
| 18:34 | Create | Villager (Male) |
| 18:39 | Create | Villager (Male) |
| 18:39 | Create | Villager (Male) |
| 18:55 | Create | Villager (Male) |
| 18:55 | Create | Villager (Male) |
| 19:14 | Create | Villager (Male) |
| 19:14 | Create | Villager (Male) |
| 19:15 | Create | Villager (Male) |
| 19:15 | Create | Villager (Male) |
| 19:19 | Build | Town Center |
| 19:23 | Create | Villager (Male) |
| 19:30 | Create | Villager (Male) |
| 19:31 | Create | Villager (Male) |
Match timeline
| 10:35 | batinizaray · age_up feudal |
| 10:36 | B站帝国时代2风悠网课大 · age_up feudal |
| 11:42 | 闲人肥羊 · first_building Barracks |
| 12:03 | 闲人肥羊 · age_up feudal |
| 12:13 | 闲人肥羊 · wall_segment Palisade Wall x1 |
| 13:08 | zeromaster · age_up feudal |
| 13:26 | 闲人肥羊 · first_building Stable |
| 14:12 | B站帝国时代2风悠网课大 · age_up castle |
| 14:33 | batinizaray · first_market_sell 100 food |
| 14:46 | batinizaray · first_building Barracks |
| 15:13 | B站帝国时代2风悠网课大 · first_building Monastery |
| 15:41 | batinizaray · first_building Archery Range |
| 15:42 | 闲人肥羊 · age_up castle |
| 15:46 | 闲人肥羊 · first_building Monastery |
| 15:51 | 闲人肥羊 · first_market_buy 100 wood |
| 16:43 | zeromaster · age_up castle |
| 17:25 | batinizaray · age_up castle |
| 20:51 | zeromaster · first_building Barracks |
| 21:23 | zeromaster · first_building Stable |
| 21:41 | B站帝国时代2风悠网课大 · first_market_buy 100 food |
| 25:22 | zeromaster · first_building Monastery |
| 25:28 | 闲人肥羊 · first_market_sell 100 wood |
| 25:34 | B站帝国时代2风悠网课大 · first_building Barracks |
| 26:02 | 闲人肥羊 · first_building Castle |
| 26:20 | zeromaster · first_building Siege Workshop |
| 27:06 | B站帝国时代2风悠网课大 · first_building Castle |
| 27:31 | batinizaray · first_building Siege Workshop |
| 28:28 | B站帝国时代2风悠网课大 · age_up imperial |
| 28:55 | 闲人肥羊 · age_up imperial |
| 30:24 | zeromaster · age_up imperial |
| 31:24 | batinizaray · age_up imperial |
| 31:36 | batinizaray · first_building Castle |
| 31:44 | zeromaster · first_building Castle |
| 35:22 | 闲人肥羊 · first_building Siege Workshop |
| 36:27 | B站帝国时代2风悠网课大 · wall_segment Stone Wall x1 |
| 37:42 | B站帝国时代2风悠网课大 · first_building Siege Workshop |
| 40:12 | zeromaster · resign |
[ AI ANALYSIS · 1 CREDIT ]
What really happened in this match?
Wolo.gg analyzes every decision: build order, eco, micro, common mistakes by bracket. Personalized analysis on WhatsApp or Discord in 30 seconds.
Civ guide
Burgundians
Map guide
Arena
Perfil
Jugador #24924483